 Dungeon Crawl Stone Soup version 0.20.0-15-g7f486f2 (webtiles) character file.

197 Haldmier the Firebug (level 5, -3/28 HPs)
             Began as a Deep Elf Fire Elementalist on June 18, 2017.
             Killed from afar by Sigmund (6 damage)
             ... with a puff of flame
             ... on level 3 of the Dungeon.
             The game lasted 00:15:58 (3043 turns).

Haldmier the Firebug (Deep Elf Fire Elementalist)   Turns: 3043, Time: 00:15:59

Health: -3/28      AC:  0    Str:  5    XL:     5   Next: 46%
Magic:  9/13       EV: 15    Int: 21    God:
Gold:   203        SH:  0    Dex: 15    Spells: 2/12 levels left

rFire    . . .     SeeInvis .   (weapon currently unavailable)
rCold    . . .     Gourm    .   (shield currently unavailable)
rNeg     . . .     Faith    .   (armour currently unavailable)
rPois    .         Spirit   .   (helmet currently unavailable)
rElec    .         Reflect  .   (cloak currently unavailable)
rCorr    .         Harm     .   (gloves currently unavailable)
MR       .....                  (boots currently unavailable)
Stlth    ++........             u - amulet of magic regeneration
Regen    0.1/turn               (ring currently unavailable)
MPRegen  0.2/turn               (ring currently unavailable)

@: pig-form, drained, very quick
A: no striking features
a: no special abilities


You were on level 3 of the Dungeon.
You were hungry.
You were a filthy swine.
You visited 1 branch of the dungeon, and saw 3 of its levels.

You collected 203 gold pieces.

Inventory:

Hand Weapons
 m - a +0 short sword
 t - a +0 spear
 C - a +2 hunting sling of freezing (melded)
Missiles
 o - 75 stones (quivered)
 y - 53 sling bullets
 E - a throwing net
Armour
 p - a +0 helmet (melded)
 s - a +2 animal skin (melded)
 A - a cursed -2 cloak (melded)
Jewellery
 q - a cursed -2 ring of evasion (melded)
 u - an amulet of magic regeneration (around neck)
Scrolls
 e - a scroll of immolation {unknown}
 h - a scroll of fog {unknown}
 i - 4 scrolls of identify
 v - 2 scrolls of remove curse {unknown}
 w - a scroll of blinking {unknown}
 x - a scroll of enchant armour {unknown}
 z - a scroll of teleportation {unknown}
Potions
 d - 2 potions of invisibility {unknown}
 f - a potion of magic {unknown}
 g - 2 potions of heal wounds {unknown}
 k - 2 potions of lignification {unknown}
 l - 2 potions of curing
 n - a potion of mutation {unknown}
 r - a potion of might {unknown}
 B - a potion of ambrosia {unknown}
 D - a potion of flight {unknown}
 F - 2 potions of haste
Books
 b - a book of Flames

   Spells                             Type                      Level
   a - Flame Tongue                   Conjuration/Fire             1
   b - Throw Flame                    Conjuration/Fire             2
   c - Conjure Flame                  Conjuration/Fire             3
   d - Inner Flame                    Hexes/Fire                   3
   e - Sticky Flame                   Conjuration/Fire             4
   f - Fireball                       Conjuration/Fire             5
Comestibles
 a - 2 chunks of flesh
 c - a bread ration
 j - 2 meat rations


   Skills:
 + Level 3.4(2.7) Dodging
 + Level 3.3(2.5) Stealth
 + Level 4.1(3.3) Spellcasting
 * Level 3.0(2.3) Conjurations
 * Level 4.7(3.9) Fire Magic


You had 2 spell levels left.
You knew the following spells:

 Your Spells              Type           Power        Failure   Level  Hunger
a - Flame Tongue          Conj/Fire      ###..        3%          1    None
b - Throw Flame           Conj/Fire      ###...       5%          2    ##.....
c - Conjure Flame         Conj/Fire      ###.....     11%         3    ###....
d - Sticky Flame          Conj/Fire      ###.....     34%         4    ####...


Dungeon Overview and Level Annotations

Branches:
Dungeon (3/15)

Altars:
Makhleb
The Shining One

Annotations:
D:3 Sigmund


Message History

Something hits you but does no damage.
You hear a zap.
You turn into a filthy swine.
Your +2 hunting sling of freezing melds into your body.
Your cursed -2 cloak melds into your body.
Your +0 helmet melds into your body.
Your +2 animal skin melds into your body.
Your cursed -2 ring of evasion melds into your body.
Your +2 hunting sling of freezing stops glowing.
You bump into the rock wall.
You hear some strange, mumbled words.
A puff of flame appears from out of thin air!
The puff of flame misses you.
You feel less confused. Something hits you!
* * * LOW HITPOINT WARNING * * *
x2 You are feeling hungry.
A puff of flame appears from out of thin air!
The puff of flame hits you!
You die...

....#.#...<###.#.#.#.)#.#
....#+#.#......#.#.#..#.#
........###.####.#.#..#.# ######
........'.............#'####.....
........###.#####................
####...## #.. ......##...........
# #...#########.#+# #...........
####........(.##.#+###...........
#..........##(^.h..(.#...........
#..........##(.......#...........
....###...@##....................
....# #....#.........(...........
....###..........(.##.#####'#####
.....##..........###....# #.#####
##...............# #....# #......
##..........(....# #....# #######
.................# #....#


There were no monsters in sight!

Vanquished Creatures
  Crazy Yiuf (D:2)
  Robin (D:2)
  4 adders
  3 worms
  3 dart slugs
  4 leopard geckos
  5 orcs (D:3)
  6 ball pythons
  11 bats
  4 giant cockroaches
  16 goblins
  7 hobgoblins
  7 jackals (D:3)
  7 kobolds
  2 quokkas
  4 frilled lizards
  A jackal zombie (D:3)
  8 rats
94 creatures vanquished.

Notes
Turn   | Place    | Note
-------+----------+-------------------------------------------
     0 | D:1      | Haldmier the Deep Elf Fire Elementalist began the quest for the Orb.
     0 | D:1      | Reached XP level 1. HP: 10/10 MP: 6/6
   224 | D:1      | Reached XP level 2. HP: 15/15 MP: 2/8
   381 | D:1      | Learned a level 2 spell: Throw Flame
   759 | D:1      | Reached XP level 3. HP: 19/19 MP: 7/9
   860 | D:2      | Noticed Robin
   943 | D:2      | Killed Robin
  1336 | D:2      | Reached XP level 4. HP: 19/24 MP: 3/11
  1508 | D:2      | Learned a level 3 spell: Conjure Flame
  1513 | D:2      | Learned a level 4 spell: Sticky Flame
  1949 | D:2      | Found a runed door.
  1953 | D:2      | Noticed Crazy Yiuf
  1961 | D:2      | Killed Crazy Yiuf
  2119 | D:3      | Found a burning altar of Makhleb.
  2119 | D:3      | Found a glowing golden altar of the Shining One.
  2128 | D:3      | Reached XP level 5. HP: 28/28 MP: 1/12
  2554 | D:3      | Noticed Sigmund
  3043 | D:3      | Killed from afar by Sigmund

Skill      XL: |  1  2  3  4  5 |
---------------+----------------+-----
Conjurations   | 2 3 |  3.0
Fire Magic     | 4 |  4.7
Stealth        | 3 |  3.3
Dodging        | 3 |  3.4
Spellcasting   | 4 |  4.1

Action                   |  1- 3 |  4- 6 || total
-------------------------+-------+-------++-------
 Fire: Hunting sling     |    12 |    40 ||    52
 Cast: Flame Tongue      |    76 |    84 ||   160
       Throw Flame       |     1 |    13 ||    14
       Conjure Flame     |       |     3 ||     3
  Use: Scroll            |       |     1 ||     1
       Potion            |       |     1 ||     1
  Eat: Chunk             |     1 |     6 ||     7
Armor: Robe              |     9 |       ||     9
       Animal skin       |       |    20 ||    20
       Skin              |       |    14 ||    14
Dodge: Dodged            |    17 |    31 ||    48
